[Event "Titled Tuesday Blitz August 3 2021"]
[White "Papasimakopoulos, Alexandros"]
[Black "Reprintsev, Alexander"]
[WhiteFideId "4244125"]
[BlackFideId "14100541"]
[WhiteElo "2352"]
[BlackElo "2126"]
[Result "1/2-1/2"]
[Round "06"]
[TimeControl "180+1"]
[Date "2021.08.03"]
[WhiteClock "0:01:11"]
[BlackClock "0:01:11"]

1. d4 d5 2. c4 e5 3. dxe5 d4 4. a3 Nc6 5. e3 Nge7 6. Nf3 Bg4 7. Be2 dxe3 8. Qxd8+ Rxd8 9. Bxe3 Bxf3 10. Bxf3 Nxe5 11. Nd2 Nxf3+ 12. Nxf3 Nf5 13. Ke2 Nxe3 14. fxe3 Be7 15. Rhd1 Bf6 16. Rxd8+ Kxd8 17. Rd1+ Ke7 18. b4 c6 19. Nd4 g6 20. b5 Bxd4 21. exd4 cxb5 22. cxb5 Rc8 23. Kd3 Kd6 24. g4 f6 25. Rf1 Rf8 26. h4 f5 27. a4 h5 28. gxh5 gxh5 29. Rg1 f4 30. Rg6+ Kc7 31. Rg1 f3 32. Ke3 Kb6 33. Kf2 Rf4 34. Rg6+ Ka5 35. Rg7 Kb6 36. Rg6+ Ka5 37. Rg7 Kxa4 38. Rxb7 Rxd4 39. Rxa7+ Kxb5 40. Kxf3 Rxh4 41. Rc7 Rc4 42. Rxc4 Kxc4 43. Kf4 Kb4 44. Kg5 Ka4 45. Kh4 Ka5 46. Kxh5 1/2-1/2


[Site "https://www.chess.com"]

[Event "Titled Tuesday Blitz August 3 2021"]
[White "Perera Alfonso, Rene Humberto"]
[Black "Hansen, Sune Berg"]
[WhiteFideId "3514722"]
[BlackFideId "1400266"]
[WhiteElo "2313"]
[BlackElo "2653"]
[Result "0-1"]
[Round "06"]
[TimeControl "180+1"]
[Date "2021.08.03"]
[WhiteClock "0:00:03"]
[BlackClock "0:00:31"]

1. e4 e5 2. Nf3 Nf6 3. Nxe5 d6 4. Nf3 Nxe4 5. d4 d5 6. Bd3 Bd6 7. O-O O-O 8. c4 c6 9. Qc2 Na6 10. a3 f5 11. Nc3 Nc7 12. c5 Be7 13. Ne5 Ne6 14. Ne2 Bf6 15. f4 Bd7 16. Be3 Be8 17. Ng3 g6 18. b4 Rc8 19. a4 b6 20. Rac1 bxc5 21. bxc5 Rb8 22. Rb1 Rxb1 23. Rxb1 Qc7 24. Nxe4 fxe4 25. Ba6 g5 26. Rb7 Qa5 27. Qe2 gxf4 28. Bd2 Qxa4 29. Qg4+ Ng7 30. Bxf4 Qxd4+ 31. Kh1 Qa1+ 0-1


[Site "https://www.chess.com"]

[Event "Titled Tuesday Blitz August 3 2021"]
[White "Pert, Richard G"]
[Black "Silva, Miguel Antonio Neto"]
[WhiteFideId "404748"]
[BlackFideId "1911929"]
[WhiteElo "2441"]
[BlackElo "2283"]
[Result "0-1"]
[Round "06"]
[TimeControl "180+1"]
[Date "2021.08.03"]
[WhiteClock "0:00:03"]
[BlackClock "0:00:19"]

1. e4 e5 2. Nf3 Nc6 3. d4 exd4 4. Nxd4 Nf6 5. Nc3 Bb4 6. Nxc6 bxc6 7. Bd3 d5 8. exd5 O-O 9. O-O cxd5 10. h3 h6 11. Qf3 c6 12. Re1 Rb8 13. a3 Bd6 14. b4 Re8 15. Rxe8+ Nxe8 16. Be3 Be5 17. Bd2 Qf6 18. Re1 Be6 19. Qxf6 Bxf6 20. Na4 Nd6 21. Nc5 Bf5 22. Bf4 Bxd3 23. Bxd6 Rd8 24. Bc7 Rc8 25. cxd3 Rxc7 26. Re8+ Kh7 27. Kf1 Bb2 28. a4 Bc3 29. Rb8 Re7 30. g3 g5 31. b5 cxb5 32. axb5 Re1+ 33. Kg2 Re2 34. Rb7 Kg6 35. Rd7 Bd4 36. Rxd5 Rxf2+ 37. Kg1 Bxc5 38. Rxc5 Rf3 39. Rc6+ f6 40. Kg2 Rxd3 41. Ra6 Rb3 42. Rxa7 Rxb5 43. Ra3 h5 44. Kf3 Rb4 45. Rc3 Rb5 46. Ra3 Kf5 47. h4 g4+ 48. Ke3 Re5+ 49. Kf2 Rd5 50. Ke3 Kg6 51. Ra4 Rb5 52. Rc4 Rb3+ 53. Kf4 Rf3+ 54. Ke4 Rxg3 55. Rc8 Rf3 56. Rg8+ Kh7 57. Rf8 Rf1 58. Ke3 Kg7 59. Rb8 g3 60. Ke2 g2 61. Rb7+ Kg6 62. Rb8 g1=Q 0-1


[Site "https://www.chess.com"]

[Event "Titled Tuesday Blitz August 3 2021"]
[White "Petriashvili, Nikoloz"]
[Black "Alavkin, Arseny"]
[WhiteFideId "13611216"]
[BlackFideId "4120612"]
[WhiteElo "2430"]
[BlackElo "2401"]
[Result "0-1"]
[Round "06"]
[TimeControl "180+1"]
[Date "2021.08.03"]
[WhiteClock "0:00:11"]
[BlackClock "0:01:25"]

1. e4 e6 2. d4 d5 3. Nd2 Be7 4. Ngf3 Nf6 5. e5 Nfd7 6. Bd3 c5 7. c3 Nc6 8. O-O g5 9. dxc5 g4 10. Nd4 Ndxe5 11. Bb5 Bd7 12. Re1 Rg8 13. b4 h5 14. Nf1 h4 15. Bf4 Ng6 16. Qxg4 e5 17. Nf5 Qc8 18. N1e3 exf4 19. Nxd5 Bxf5 20. Nxe7 Bxg4 21. Nxc8+ Kd7 22. Nd6 Be6 23. Nxb7 Rab8 24. Rad1+ Kc7 25. Bxc6 Kxc6 26. Na5+ Kc7 27. Rd6 Bd7 28. Red1 Ba4 29. Re1 Rge8 30. Kf1 Rxe1+ 31. Kxe1 Rd8 32. Ra6 Rd1+ 33. Ke2 Bb5+ 34. Kxd1 Bxa6 35. c4 Bb7 36. g3 fxg3 37. hxg3 h3 0-1


[Site "https://www.chess.com"]

[Event "Titled Tuesday Blitz August 3 2021"]
[White "Pinheiro, Iung Alicio de O."]
[Black "Navalgund, Niranjan"]
[WhiteFideId "2104350"]
[BlackFideId "5030854"]
[WhiteElo "2536"]
[BlackElo "2290"]
[Result "1-0"]
[Round "06"]
[TimeControl "180+1"]
[Date "2021.08.03"]
[WhiteClock "0:00:32"]
[BlackClock "0:00:17"]

1. d4 d5 2. Nf3 c5 3. c4 e6 4. cxd5 Nf6 5. dxe6 Bxe6 6. Nc3 Nc6 7. e3 cxd4 8. exd4 Bd6 9. Bd3 O-O 10. O-O Bg4 11. h3 Bxf3 12. Qxf3 Nxd4 13. Qd1 Re8 14. Bg5 Be5 15. Re1 h6 16. Be3 Qa5 17. Qa4 Qxa4 18. Nxa4 Nd5 19. Bd2 Bf4 20. Rxe8+ Rxe8 21. Be1 Ne2+ 22. Kf1 Nd4 23. Nc5 b6 24. Nb3 Ne6 25. Rd1 Ndc7 26. g3 Be5 27. Rd2 Rd8 28. Ke2 Re8 29. Kd1 Bf6 30. Bf5 g6 31. Bg4 h5 32. Bf3 Ng5 33. Bg2 Rd8 34. Rxd8+ Bxd8 35. h4 Nge6 36. Bc3 Nb5 37. Be5 f6 38. Bb8 Kf8 39. a4 Nbd4 40. Nxd4 Nxd4 41. Bxa7 Nb3 42. Kc2 Na5 43. Kc3 f5 44. b4 Bf6+ 45. Kd3 Nb3 46. Bxb6 Ke7 47. a5 1-0


[Site "https://www.chess.com"]

[Event "Titled Tuesday Blitz August 3 2021"]
[White "Potapova, Margarita"]
[Black "Odegov, Artem"]
[WhiteFideId "14126869"]
[BlackFideId "34183644"]
[WhiteElo "2229"]
[BlackElo "2288"]
[Result "1-0"]
[Round "06"]
[TimeControl "180+1"]
[Date "2021.08.03"]
[WhiteClock "0:01:41"]
[BlackClock "0:00:06"]

1. d4 Nf6 2. c4 c5 3. d5 b5 4. cxb5 a6 5. bxa6 Bxa6 6. Nc3 d6 7. e4 Bxf1 8. Kxf1 g6 9. Nf3 Bg7 10. g3 O-O 11. Kg2 Nbd7 12. a4 Qa5 13. Qc2 Rfb8 14. Bd2 Ng4 15. Nb5 Qb6 16. Bc3 Bxc3 17. bxc3 c4 18. Nfd4 Nc5 19. Rhb1 Nd3 20. Nc6 Ndxf2 21. Qe2 h5 22. h3 Ne3+ 23. Kxf2 Nxd5+ 24. Nbd4 Qc5 25. exd5 Rxb1 26. Rxb1 Kh7 27. Qxe7 Qxd5 28. Rb5 Qh1 29. Qxf7+ Kh6 30. Qf4+ Kh7 31. Rb7+ Kg8 32. Qf7+ Kh8 33. Qh7# 1-0


[Site "https://www.chess.com"]

[Event "Titled Tuesday Blitz August 3 2021"]
[White "Praggnanandhaa R"]
[Black "Martinez Alcantara, Jose Eduardo"]
[WhiteFideId "25059530"]
[BlackFideId "3805662"]
[WhiteElo "2555"]
[BlackElo "2690"]
[Result "0-1"]
[Round "06"]
[TimeControl "180+1"]
[Date "2021.08.03"]
[WhiteClock "0:00:05"]
[BlackClock "0:00:14"]

1. Nf3 c5 2. g3 Nc6 3. Bg2 g6 4. O-O Bg7 5. c4 d6 6. Nc3 e6 7. e3 Nge7 8. d4 O-O 9. d5 exd5 10. cxd5 Na5 11. e4 Bg4 12. h3 Bxf3 13. Bxf3 a6 14. Bf4 b5 15. Qc2 Nc8 16. Rad1 Nb6 17. Bc1 c4 18. Ne2 Nd7 19. Nd4 Ne5 20. Be2 Rc8 21. Be3 Re8 22. Rfe1 Qd7 23. Kg2 Nb7 24. b4 cxb3 25. Qxb3 Nc5 26. Qb1 Na4 27. Bd2 h5 28. Bb4 Nc4 29. Bxc4 Rxc4 30. Nc6 Bc3 31. Rc1 Bxe1 32. Rxc4 bxc4 33. Bxe1 Nc5 34. Bc3 Nxe4 35. Bd4 Kh7 36. Qc2 Qf5 37. Qxc4 Ng5 38. Be3 Qxh3+ 0-1


[Site "https://www.chess.com"]

[Event "Titled Tuesday Blitz August 3 2021"]
[White "Rasulov, Vugar"]
[Black "Song, Michael"]
[WhiteFideId "13402390"]
[BlackFideId "2613190"]
[WhiteElo "2553"]
[BlackElo "2274"]
[Result "1-0"]
[Round "06"]
[TimeControl "180+1"]
[Date "2021.08.03"]
[WhiteClock "0:00:29"]
[BlackClock "0:00:01"]

1. d4 Nf6 2. c4 c5 3. d5 e6 4. Nc3 exd5 5. cxd5 d6 6. Nf3 g6 7. Nd2 Bg7 8. e4 O-O 9. Be2 a6 10. a4 Re8 11. O-O Nbd7 12. Qc2 Ne5 13. h3 g5 14. Nc4 Nxc4 15. Bxc4 Nh5 16. Ra3 Qf6 17. Ne2 Qg6 18. Bd3 Be5 19. Bd2 Nf4 20. Nxf4 gxf4 21. Be2 Kh8 22. Kh1 Bd7 23. Bf3 b5 24. axb5 axb5 25. Rxa8 Rxa8 26. b3 b4 27. Bc1 Ra1 28. Rd1 Qf6 29. Bd2 Ra3 30. Qd3 Bc3 31. Kh2 Kg7 32. Rb1 Bxd2 33. Qxd2 Qe5 34. Qc2 Bb5 35. Re1 Kf6 36. Bg4 h5 37. Bf5 h4 38. f3 Qd4 39. Bg4 Ke5 40. Rd1 Qe3 41. Qb2+ Qc3 42. Qf2 Rxb3 43. Qxh4 Qc2 44. Qh8+ f6 45. Qh5+ f5 46. Qxf5# 1-0


[Site "https://www.chess.com"]

[Event "Titled Tuesday Blitz August 3 2021"]
[White "Ronka, Erik"]
[Black "Khoroshev, Nikita"]
[WhiteFideId "505080"]
[BlackFideId "14200287"]
[WhiteElo "2264"]
[BlackElo "2328"]
[Result "0-1"]
[Round "06"]
[TimeControl "180+1"]
[Date "2021.08.03"]
[WhiteClock "0:00:01"]
[BlackClock "0:00:11"]

1. e4 c5 2. Nc3 Nc6 3. Nge2 g6 4. d4 cxd4 5. Nxd4 Bg7 6. Be3 d6 7. Bc4 Nf6 8. f3 O-O 9. h4 Ne5 10. Bb3 e6 11. h5 Nxh5 12. g4 Ng3 13. Rh3 d5 14. Rxg3 Qh4 15. Bf2 dxe4 16. f4 e3 17. Rxe3 Qh1+ 18. Ke2 Qxd1+ 19. Rxd1 Nxg4 20. Rg3 e5 21. fxe5 Bxe5 22. Rgd3 Re8 23. Kf1 Nxf2 24. Kxf2 Bg4 25. Nf3 Bg7 26. Re1 Rxe1 27. Kxe1 h5 28. Ng5 Bf6 29. Nxf7 Kg7 30. Ne4 Bxb2 31. c3 Ba3 32. Kf2 Rf8 33. Ng5 Be7 34. Kg3 Bf5 35. Re3 Bf6 36. Rf3 Rc8 37. Ne6+ Bxe6 38. Bxe6 Rxc3 39. Rxc3 Bxc3 40. Nd8 Be5+ 41. Kf3 b6 42. Nc6 Bd6 43. Nxa7 Kf6 44. Bd5 g5 45. Nc6 g4+ 46. Kg2 Kg5 47. Bf7 h4 48. Nd4 h3+ 49. Kg1 Bc5 50. Kh1 Bxd4 51. Bd5 g3 52. Bc6 Kf4 53. Bd5 Ke3 54. Bc6 Kf2 55. Bd5 g2+ 56. Kh2 g1=Q+ 57. Kxh3 Qg3# 0-1


[Site "https://www.chess.com"]

[Event "Titled Tuesday Blitz August 3 2021"]
[White "Salinas Herrera, Pablo"]
[Black "Quispe Arteaga, Gabriel"]
[WhiteFideId "3407128"]
[BlackFideId "32059809"]
[WhiteElo "2541"]
[BlackElo "2172"]
[Result "1/2-1/2"]
[Round "06"]
[TimeControl "180+1"]
[Date "2021.08.03"]
[WhiteClock "0:00:03"]
[BlackClock "0:00:07"]

1. d4 Nf6 2. Nf3 e6 3. Bf4 b6 4. e3 Bb7 5. h3 Bd6 6. Ne5 Bxe5 7. Bxe5 d6 8. Bh2 Nbd7 9. Nd2 O-O 10. Bd3 Bxg2 11. Rg1 Bb7 12. Qe2 Qe7 13. O-O-O e5 14. Qf1 e4 15. Be2 Kh8 16. Kb1 Ne8 17. Bf4 f5 18. h4 Ndf6 19. h5 Nd5 20. Bg5 Qf7 21. Qh3 Bc8 22. Qh2 Be6 23. a3 b5 24. f3 exf3 25. Bxf3 Rb8 26. e4 fxe4 27. Bxe4 Nef6 28. Rdf1 Qxh5 29. Qg3 Nxe4 30. Nxe4 Rxf1+ 31. Rxf1 Qg6 32. Qf3 h6 33. Bd2 Qg4 34. Qh1 Qh3 35. Qg1 Qg4 36. Qh1 Qh3 37. Qg1 Qg4 38. Ng3 Re8 39. Qh2 Qh3 40. Qf2 Nf6 41. Rh1 Qg4 42. Bxh6 Kg8 43. Bc1 Ne4 44. Nxe4 Qxe4 45. Rg1 Bf5 46. b3 a5 47. Kb2 a4 48. b4 g6 49. Rg3 Re7 50. Rc3 c6 51. Bg5 Rh7 52. d5 Qxd5 53. Qe3 Be6 54. Rd3 Qa2+ 55. Kc3 Qxa3+ 56. Kd2 Qxb4+ 57. Rc3 Bd5 58. Qe8+ Kg7 59. Qe7+ Kg8 60. Qe8+ Kg7 61. Qd7+ Kg8 62. Qc8+ Kg7 63. Qc7+ Kg8 64. Qd8+ Kg7 65. Qf6+ Kg8 66. Bf4 Rf7 67. Qxg6+ Rg7 68. Qe8+ Kh7 69. Qh5+ Kg8 70. Qe8+ Kh7 71. Qh5+ Kg8 72. Qe8+ 1/2-1/2


[Site "https://www.chess.com"]

[Event "Titled Tuesday Blitz August 3 2021"]
[White "Sanal, Vahap"]
[Black "Zubov, Alexander"]
[WhiteFideId "6300545"]
[BlackFideId "14109409"]
[WhiteElo "2495"]
[BlackElo "2740"]
[Result "0-1"]
[Round "06"]
[TimeControl "180+1"]
[Date "2021.08.03"]
[WhiteClock "0:00:46"]
[BlackClock "0:01:19"]

1. e4 c5 2. Nc3 e6 3. g3 d5 4. Bg2 d4 5. Nce2 e5 6. d3 Nc6 7. f4 Bd6 8. Nf3 Nge7 9. O-O exf4 10. gxf4 f5 11. Ng3 O-O 12. Kh1 fxe4 13. Nxe4 Bxf4 14. Nxc5 Nd5 15. Ne4 Bxc1 16. Qxc1 Ne3 17. Rg1 Bg4 18. Nfd2 Nb4 19. Nc4 Nxg2 20. Rxg2 Bf3 21. Qd2 Nd5 22. Kg1 Nf4 23. Rf1 Nh3+ 24. Kh1 Bxe4 0-1


[Site "https://www.chess.com"]

[Event "Titled Tuesday Blitz August 3 2021"]
[White "Sarana, Alexey"]
[Black "Matinian, Nikita"]
[WhiteFideId "24133795"]
[BlackFideId "24129100"]
[WhiteElo "2646"]
[BlackElo "2410"]
[Result "1-0"]
[Round "06"]
[TimeControl "180+1"]
[Date "2021.08.03"]
[WhiteClock "0:01:06"]
[BlackClock "0:00:05"]

1. e4 c5 2. Nf3 d6 3. d4 cxd4 4. Nxd4 Nf6 5. Nc3 g6 6. Be3 Nc6 7. f3 h5 8. Bc4 Ne5 9. Bb3 Bd7 10. h3 h4 11. f4 Nc6 12. Qf3 Rc8 13. O-O-O Bg7 14. e5 dxe5 15. Nxc6 e4 16. Nxd8 exf3 17. Nxf7 fxg2 18. Rhg1 Bxh3 19. Nxh8 Bxh8 20. Nd5 Ne4 21. Rd3 Ng3 22. Kd2 Nf1+ 23. Ke2 Bg4+ 24. Kf2 h3 25. Rxf1 gxf1=Q+ 26. Kxf1 Bxb2 27. Kg1 Bf5 28. Rd2 Bc1 29. Re2 Bxe3+ 30. Rxe3 e6 31. Nf6+ Kf7 32. Ne4 Rd8 33. Ng5+ Kf6 34. Nxh3 Rd1+ 35. Kf2 Rd2+ 36. Ke1 Rh2 37. Ng5 Bxc2 38. Nf3 Rh1+ 39. Kf2 Bxb3 40. axb3 Kf5 41. Kg3 Rb1 42. Nd4+ Kf6 43. Rxe6+ Kf7 44. Re3 a6 45. Rc3 b5 46. Rc7+ 1-0


[Site "https://www.chess.com"]

[Event "Titled Tuesday Blitz August 3 2021"]
[White "Savchenko, Boris"]
[Black "Andreikin, Dmitry"]
[WhiteFideId "4147332"]
[BlackFideId "4158814"]
[WhiteElo "2542"]
[BlackElo "2782"]
[Result "0-1"]
[Round "06"]
[TimeControl "180+1"]
[Date "2021.08.03"]
[WhiteClock "0:00:03"]
[BlackClock "0:00:05"]

1. e4 c5 2. Nf3 e6 3. d4 cxd4 4. Nxd4 Nc6 5. Nc3 a6 6. Nxc6 bxc6 7. Bd3 d5 8. O-O Nf6 9. Qe2 Be7 10. b3 O-O 11. Bb2 Bb7 12. Rad1 h6 13. Na4 Qc7 14. e5 Nd7 15. c4 dxc4 16. Bxc4 Rfd8 17. Qe3 c5 18. Qg3 Nf8 19. Bd3 Qc6 20. Nc3 Rd4 21. Ne2 Rh4 22. f3 Rd8 23. Be4 Rxe4 24. fxe4 Rxd1 25. Rxd1 Qxe4 26. Nc3 Qc2 27. Qf2 Qg6 28. Bc1 c4 29. Be3 cxb3 30. axb3 Bb4 31. Ne2 Kh7 32. h3 Be7 33. Nf4 Qe4 34. Bd4 Ng6 35. Nxg6 fxg6 36. Re1 Qd5 37. Qb2 Bg5 38. Rf1 Qe4 39. Kh2 Bf4+ 40. Kh1 Bd5 41. Qf2 g5 42. b4 Qd3 43. Kg1 Qe4 44. Re1 Qd3 45. Be3 Bxe5 46. Bxg5 Bc3 47. Re3 Qd1+ 48. Kh2 Bd4 49. Bf4 Qb1 50. Qe2 Bxe3 51. Bxe3 Qxb4 52. Qxa6 Qb2 53. Qf1 Qe5+ 54. Qf4 Qb2 55. Qf2 Qb8+ 56. Bf4 Qf8 57. Qd4 Qf5 58. Qe5 Qg6 59. g4 Qc2+ 60. Kg3 Qg2+ 61. Kh4 Qf2+ 62. Bg3 g5+ 0-1


[Site "https://www.chess.com"]

[Event "Titled Tuesday Blitz August 3 2021"]
[White "Serikbay, Assel"]
[Black "Timmermans, Mark"]
[WhiteFideId "13706799"]
[BlackFideId "1026399"]
[WhiteElo "2044"]
[BlackElo "2460"]
[Result "1-0"]
[Round "06"]
[TimeControl "180+1"]
[Date "2021.08.03"]
[WhiteClock "0:00:05"]
[BlackClock "0:00:43"]

1. e4 e5 2. Nf3 Nc6 3. Bb5 f5 4. exf5 e4 5. Qe2 Qe7 6. Bxc6 dxc6 7. Nd4 Qe5 8. c3 Nf6 9. d3 c5 10. Nf3 Qe7 11. dxe4 Qxe4 12. Qxe4+ Nxe4 13. O-O Bxf5 14. Na3 h6 15. Nb5 Bd6 16. Nh4 Bh7 17. f3 a6 18. Nxd6+ Nxd6 19. Bf4 O-O-O 20. Be5 Rhg8 21. f4 Nf7 22. Rad1 Rde8 23. Rfe1 Nxe5 24. fxe5 Rgf8 25. Nf3 Rf4 26. Kf2 g5 27. Kg3 Bg6 28. Rd5 b6 29. e6 Rf6 30. Rde5 Re7 31. h4 gxh4+ 32. Nxh4 Bd3 33. R1e3 Bc4 34. Nf5 Rexe6 35. Rxe6 Bxe6 36. Nh4 Bxa2 37. Nf3 Bd5 38. Ne5 a5 39. c4 Be6 40. Nd3 Bxc4 41. Nf4 a4 42. Re4 Bb3 43. Kg4 Kb7 44. g3 b5 45. Re7 Kb6 46. Kh5 Bd1+ 47. g4 b4 48. Nd5+ Kb5 49. Nxf6 a3 50. bxa3 bxa3 51. Re3 Kb4 52. Nd5+ Kc4 53. Nxc7 a2 54. Ra3 Bb3 55. Na6 Bd1 56. Kxh6 Kb5 57. Kg5 c4 58. Rxa2 Bb3 59. Ra1 c3 60. Nc7+ Kc4 61. Ne6 c2 62. Nf4 Kc3 63. Ne2+ Kb2 64. Rg1 Bc4 65. Nc1 Kc3 66. Kf4 Kd2 67. g5 Bg8 68. g6 Kc3 69. g7 Kd2 70. Ke5 Ke3 71. Kf6 Kf2 72. Rh1 Ke3 73. Rg1 Kf2 74. Rh1 Kg2 75. Re1 Kf2 76. Re2+ Kf3 77. Rxc2 Bh7 78. Rc8 1-0


[Site "https://www.chess.com"]

[Event "Titled Tuesday Blitz August 3 2021"]
[White "Shkapenko, Pavel"]
[Black "Aldokhin, Ivan"]
[WhiteFideId "4151933"]
[BlackFideId "24115720"]
[WhiteElo "2386"]
[BlackElo "2306"]
[Result "1-0"]
[Round "06"]
[TimeControl "180+1"]
[Date "2021.08.03"]
[WhiteClock "0:00:08"]
[BlackClock "0:00:03"]

1. e4 c5 2. c3 d5 3. exd5 Qxd5 4. Nf3 Nf6 5. d4 cxd4 6. cxd4 e6 7. Be2 Be7 8. O-O Nc6 9. Nc3 Qd6 10. Be3 O-O 11. a3 Rd8 12. b4 a6 13. Qb3 Nd5 14. Rac1 Nxc3 15. Rxc3 Bd7 16. Rd1 Na7 17. d5 exd5 18. Rxd5 Qb8 19. Bc4 b5 20. Rxd7 bxc4 21. Qd1 Qb5 22. Rxd8+ Rxd8 23. Qc1 Nc8 24. Rxc4 Nd6 25. Rd4 Rc8 26. Qd1 Nc4 27. Rd7 Bf6 28. Bc5 h6 29. Qd5 Rf8 30. Bxf8 Qxd5 31. Rxd5 Kxf8 32. a4 Ke7 33. b5 axb5 34. Rxb5 Ke6 35. a5 Bd8 36. a6 Bb6 37. Rb4 Kd5 38. Nd2 1-0


[Site "https://www.chess.com"]

[Event "Titled Tuesday Blitz August 3 2021"]
[White "Shyaamnikhil P"]
[Black "Indjic, Aleksandar"]
[WhiteFideId "5024218"]
[BlackFideId "911925"]
[WhiteElo "2300"]
[BlackElo "2643"]
[Result "1/2-1/2"]
[Round "06"]
[TimeControl "180+1"]
[Date "2021.08.03"]
[WhiteClock "0:00:21"]
[BlackClock "0:00:16"]

1. e3 e5 2. c4 f5 3. d4 e4 4. h4 Nf6 5. Nc3 Bb4 6. Qb3 a5 7. a3 Bxc3+ 8. Qxc3 d5 9. Nh3 Nc6 10. Nf4 Ne7 11. h5 c6 12. a4 dxc4 13. Bxc4 Ned5 14. Qb3 O-O 15. Bd2 Kh8 16. Bxd5 Nxd5 17. Nxd5 Be6 18. h6 Bxd5 19. hxg7+ Kxg7 20. Qa3 Rf6 21. g3 b6 22. Rh4 Bf7 23. d5 Kg8 24. O-O-O cxd5 25. Bc3 Rc8 26. Kb1 Rfc6 27. Rdh1 Bg6 28. Qb3 Qd7 29. Rd1 Bf7 30. Qb5 Rd6 31. Qxd7 Rxd7 32. Rh6 Bg6 33. Bd4 Rc6 34. Rc1 Rdc7 35. Rhh1 Kf7 36. Bxb6 Rxc1+ 37. Rxc1 Rxc1+ 38. Kxc1 Ke6 39. Bxa5 d4 40. exd4 f4 41. Bc7 e3 42. fxe3 f3 43. Kd2 Be4 44. Ke1 h5 45. Kf2 Kd5 46. a5 Kc6 47. Be5 Kb5 48. Bc7 Kc6 49. Bb6 Kb5 50. Ke1 Ka6 51. Kf2 Kb5 52. Ke1 Ka6 53. b4 Kb5 54. Bc5 Ka6 55. Kf2 Kb5 56. Kg1 Ka6 57. Kf2 Kb5 58. Be7 Ka6 59. Bd6 Kb5 60. Bc5 Ka6 61. Kg1 Kb5 62. Kf2 Ka6 63. Be7 Kb5 64. Bc5 1/2-1/2


[Site "https://www.chess.com"]

[Event "Titled Tuesday Blitz August 3 2021"]
[White "Siddharth, Jagadeesh"]
[Black "Vivas Zamora, Fabian Ernesto"]
[WhiteFideId "5818320"]
[BlackFideId "3902480"]
[WhiteElo "2127"]
[BlackElo "1966"]
[Result "1-0"]
[Round "06"]
[TimeControl "180+1"]
[Date "2021.08.03"]
[WhiteClock "0:00:51"]
[BlackClock "0:00:03"]

1. d4 Nf6 2. c4 g6 3. Nc3 d5 4. cxd5 Nxd5 5. e4 Nxc3 6. bxc3 Bg7 7. Nf3 c5 8. h3 O-O 9. Be2 Nc6 10. Be3 cxd4 11. cxd4 Qa5+ 12. Bd2 Qa3 13. d5 Nb4 14. Rb1 Nxa2 15. Rb3 Qa4 16. Qb1 a6 17. O-O b5 18. Bd1 f5 19. Re3 Qc4 20. Bb3 Qc5 21. Bxa2 fxe4 22. Qxe4 Bf5 23. Qxe7 Qc2 24. Bb1 Qa4 25. Bxf5 Rxf5 26. d6 1-0


[Site "https://www.chess.com"]

[Event "Titled Tuesday Blitz August 3 2021"]
[White "Siniauski, Artsiom"]
[Black "Chen, Max"]
[WhiteFideId "13512269"]
[BlackFideId "2622440"]
[WhiteElo "2210"]
[BlackElo "2445"]
[Result "0-1"]
[Round "06"]
[TimeControl "180+1"]
[Date "2021.08.03"]
[WhiteClock "0:00:07"]
[BlackClock "0:00:03"]

1. e4 c5 2. Nf3 d6 3. Bb5+ Nd7 4. d4 cxd4 5. Qxd4 Nf6 6. Bg5 a6 7. Bxd7+ Nxd7 8. O-O Qb6 9. Nc3 Qxd4 10. Nxd4 g6 11. Nd5 Rb8 12. Nc7+ Kd8 13. Nd5 h6 14. Bh4 g5 15. Bg3 e6 16. Ne3 Kc7 17. c4 b6 18. Rac1 Bb7 19. f3 Bg7 20. Rfd1 Be5 21. Bxe5 Nxe5 22. b4 Nc6 23. c5 dxc5 24. bxc5 b5 25. Nxc6 Bxc6 26. Rd6 Rhd8 27. e5 b4 28. Kf2 Rb5 29. Rc2 Ra5 30. Rb2 Rxc5 31. Rxd8 Kxd8 32. Rxb4 Rxe5 33. Rb8+ Ke7 34. Rb6 Bb5 35. Rb7+ Ke8 36. Ng4 Rc5 37. Nxh6 Rc2+ 38. Kg3 f5 39. Nf7 Bf1 40. Nxg5 Rxg2+ 41. Kf4 Rxh2 42. Nxe6 Rxa2 43. Ke5 Bc4 44. Nd4 Rd2 45. Nxf5 Rd5+ 46. Kf6 Kd8 47. f4 Bd3 48. Ne3 Rd7 49. Rb8+ Kc7 50. Rb3 a5 51. Ke5 Kc6 52. Rc3+ Kb5 53. Nd5 Bc4 54. Ne3 Rd3 55. Rxd3 Bxd3 56. Kd4 Bb1 57. Nd5 Kc6 58. Ke5 a4 59. Nc3 Bc2 60. Ne2 Kc5 61. Nd4 Bb1 62. Ne2 a3 63. Nc3 Bc2 64. Na2 Kc4 65. f5 Kb3 66. f6 Bg6 67. Nc1+ Kb2 68. Nd3+ Bxd3 69. f7 a2 70. f8=Q a1=Q 71. Qb4+ Kc2+ 72. Kf4 Qf6+ 73. Ke3 Qe5+ 74. Kf3 Qe2+ 75. Kf4 Qf2+ 76. Ke5 Qf5+ 77. Kd4 Qe4+ 78. Kc5 Qe7+ 79. Kd5 Qxb4 80. Kc6 Kc3 0-1


[Site "https://www.chess.com"]

[Event "Titled Tuesday Blitz August 3 2021"]
[White "Siva Mahadevan"]
[Black "Gerzhoy, Leonid"]
[WhiteFideId "25043153"]
[BlackFideId "2806126"]
[WhiteElo "2203"]
[BlackElo "2514"]
[Result "1/2-1/2"]
[Round "06"]
[TimeControl "180+1"]
[Date "2021.08.03"]
[WhiteClock "0:00:07"]
[BlackClock "0:00:45"]

1. e4 d6 2. d4 Nf6 3. Nc3 e5 4. Nf3 Nc6 5. Bb5 Bd7 6. O-O Be7 7. Re1 exd4 8. Nxd4 O-O 9. Bxc6 Bxc6 10. Qf3 Nd7 11. Bf4 Bf6 12. Rad1 Re8 13. Nf5 Nf8 14. Bc1 Ng6 15. Nd5 Bxd5 16. exd5 Qd7 17. Qg4 Rxe1+ 18. Rxe1 Re8 19. Rxe8+ Qxe8 20. Ne3 Qb5 21. Qc4 Qxc4 22. Nxc4 Ne7 23. Ne3 Bg5 24. c4 Bxe3 25. Bxe3 a6 26. Kf1 Kf8 27. Ke2 Ke8 28. Kd3 Kd7 29. b4 c6 30. dxc6+ Nxc6 31. a3 b5 32. f4 Ne7 33. g4 Kc6 34. Bd4 g6 35. h3 f5 36. g5 Nc8 37. Be3 Ne7 38. Bd4 Nc8 39. Be3 Ne7 40. Bd4 1/2-1/2


[Site "https://www.chess.com"]

[Event "Titled Tuesday Blitz August 3 2021"]
[White "Solon, Nathan"]
[Black "Ponikarovsky, Alexey"]
[WhiteFideId "2017229"]
[BlackFideId "4122887"]
[WhiteElo "2638"]
[BlackElo "1944"]
[Result "1-0"]
[Round "06"]
[TimeControl "180+1"]
[Date "2021.08.03"]
[WhiteClock "0:02:00"]
[BlackClock "0:02:26"]

1. d4 d5 2. c4 e6 3. Nf3 Nf6 4. g3 Bb4+ 5. Nbd2 Bxd2+ 6. Qxd2 O-O 7. Bg2 Ne4 8. Qc2 b6 9. O-O Bb7 10. cxd5 Bxd5 11. Bf4 c5 12. Ne5 f5 13. dxc5 Nxc5 14. Rfd1 Qf6 15. Rxd5 exd5 16. Bxd5+ Kh8 17. Bxa8 g5 18. Bd2 Ne4 19. Bxe4 fxe4 20. Ng4 Qe6 21. Bc3+ Kg8 22. Qxe4 1-0


[Site "https://www.chess.com"]

[Event "Titled Tuesday Blitz August 3 2021"]
[White "Stribuk, Artiom"]
[Black "Kobalia, Mikhail"]
[WhiteFideId "13515659"]
[BlackFideId "4119150"]
[WhiteElo "2224"]
[BlackElo "2569"]
[Result "0-1"]
[Round "06"]
[TimeControl "180+1"]
[Date "2021.08.03"]
[WhiteClock "0:00:07"]
[BlackClock "0:01:29"]

1. d4 Nf6 2. c4 g6 3. Nf3 Bg7 4. g3 O-O 5. Bg2 d6 6. O-O Nc6 7. Nc3 a6 8. Qd3 e5 9. dxe5 dxe5 10. Qxd8 Rxd8 11. Bg5 Be6 12. Nd2 h6 13. Bxf6 Rxd2 14. Bxg7 Kxg7 15. Bxc6 bxc6 16. b3 f5 17. Rfd1 Rad8 18. Rxd2 Rxd2 19. Kf1 Rc2 20. Na4 f4 21. Ke1 Bf5 22. Nc5 a5 23. Na6 g5 24. Nxc7 g4 25. Ne8+ Kg6 26. Nd6 f3 27. exf3 gxf3 28. Rd1 Re2+ 29. Kf1 Rxa2 30. Nxf5 Kxf5 31. h3 Rb2 32. Kg1 Rxb3 33. Rd6 Rb1+ 34. Kh2 Rf1 35. g4+ Ke4 36. Kg3 Rg1+ 37. Kh4 Rg2 38. Rd2 Kf4 39. Kh5 Rh2 40. h4 e4 41. c5 a4 42. Ra2 a3 43. Rc2 Ke5 44. Kxh6 Rxh4+ 45. Kg5 Rh2 46. Ra2 e3 47. Rxa3 exf2 48. Rxf3 Ke4 49. Rf6 Ke3 50. Kg6 Rh3 51. Re6+ Kd2 52. Rf6 Ke2 53. Re6+ Re3 0-1


[Site "https://www.chess.com"]